 Dungeon Crawl Stone Soup version 0.29-a0-878-g7b45a56547 (webtiles) character file.

Game seed: 2535238319508030143

51 Ijustatesigmund the Digger (level 3, -1/21 HPs)
             Began as an Octopode Earth Elementalist on July 20, 2022.
             Slain by an adder (4 damage)
             ... on level 2 of the Dungeon.
             The game lasted 00:03:04 (1427 turns).

Ijustatesigmund the Digger (OpEE)                   Turns: 1427, Time: 00:03:05

Health: -1/21      AC:  1    Str:  7    XL:     3   Next: 81%
Magic:  2/6        EV: 13    Int: 19    God:
Gold:   73         SH:  0    Dex: 12    Spells: 1/7 levels left

rFire   + . .      SeeInvis +   d - +0 short sword
rCold   + . .      Faith    .   (no shield)
rNeg    . . .      Spirit   .   (helmet restricted)
rPois   +          Reflect  .   (no amulet)
rElec   +          Harm     .   g - ring of see invisible
rCorr   +          Rampage  .   i - ring of wizardry
Will    .....                   (no ring)
Stlth   +++.......              (no ring)
HPRegen 0.07/turn               (no ring)
MPRegen 0.10/turn               (no ring)
                                (no ring)
                                (no ring)

@: lethally poisoned (-1 -> -3), resistant, very slightly contaminated
A: almost no armour, amphibious, 8 rings, camouflage 1, gelatinous body 1,
(nimble swimmer 1), tentacles
a: no special abilities


You were on level 2 of the Dungeon.
You visited 1 branch of the dungeon, and saw 2 of its levels.

You collected 73 gold pieces.

Inventory:

Hand Weapons
 d - a +0 short sword (weapon)
Jewellery
 g - a ring of see invisible (left tentacle)
 i - a ring of wizardry (right tentacle)
Scrolls
 b - a scroll of enchant armour
 e - 4 scrolls of identify


   Skills:
 - Level 2.0 Dodging
 - Level 2.6 Stealth
 + Level 2.5 Spellcasting
 * Level 1.0 Conjurations
 + Level 1.9 Transmutations
 + Level 3.5 Earth Magic


You had one spell level left.
You knew the following spells:

 Your Spells              Type           Power      Damage    Failure   Level
a - Sandblast             Erth           30%        2d9       1%          1
b - Stone Arrow           Conj/Erth      22%        3d8       8%          3
c - Passwall              Tmut/Erth      10%        N/A       3%          2

Your spell library contained the following spells:

 Spells                   Type           Power      Damage    Failure   Level
 Petrify                  Tmut/Erth      12%        N/A       21%         4


Dungeon Overview and Level Annotations

Branches:
Dungeon (2/15)

Altars:


Innate Abilities, Weirdness & Mutations

You cannot wear most types of armour.
You are amphibious.
You can wear up to eight rings at the same time.
Your skin changes colour to match your surroundings (Stealth+).
Your rubbery body absorbs attacks. (AC +1, EV +1)
((You are camouflaged when in or above water. (Stealth+)))
You have tentacles for arms and can constrict up to eight enemies at once.


Message History

The adder misses you.
Casting: Stone Arrow (quite dangerous; 8% risk of failure)
Confirm with . or Enter, or press ? or * to list all spells.
The spell is quite dangerous to miscast (8% risk of failure)!
Continue anyway?
Aiming: Stone Arrow (quite dangerous; 8% risk of failure)
Press: ? - help, Shift-Dir - straight line, f/p - adder
Aim: an adder (48% to hit)
The stone arrow misses the adder.
The stone arrow hits the goblin!
You kill the goblin!
You feel sick. The adder bites you.
You are lethally poisoned!
The adder poisons you! The adder bites you but does no damage.
You feel much better.
You feel sick. The adder bites you.
You are more poisoned.
The adder poisons you!
Okay, then.
Magic courses through your body.
You feel sick. The adder misses you.
Casting: Stone Arrow (quite dangerous; 8% risk of failure)
Confirm with . or Enter, or press ? or * to list all spells.
The spell is quite dangerous to miscast (8% risk of failure)!
Continue anyway?
Aiming: Stone Arrow (quite dangerous; 8% risk of failure)
Press: ? - help, Shift-Dir - straight line, f/p - adder
Aim: an adder (48% to hit)
The stone arrow misses the adder.
The stone arrow hits the dart slug!
The dart slug is severely wounded.
You feel sick. The adder bites you.
Casting: Stone Arrow (quite dangerous; 8% risk of failure)
Confirm with . or Enter, or press ? or * to list all spells.
Aiming: Sandblast (safe; 1% risk of failure)
Press: ? - help, Shift-Dir - straight line, f/p - adder
Aim: an adder (66% to hit)
The blast of sand hits the adder.
The adder is heavily wounded.
You feel sick. The adder bites you. x2
* * * LOW HITPOINT WARNING * * *
The adder barely misses you.
You feel protected.
* * * LOW HITPOINT WARNING * * *
You feel sick. The adder bites you.
You die...

....... #......
.....# # #.#
....#?# #.# ##
...#[ #.# ..
.w. #.# #. #S#
#.# .###.##@#
#.#
........#####.#
.###.#.......†#
# ##(.####.#
#..# #.#
#(.####.#
#..†....#
....###.##
###.## ##.# ##


You could see an adder and a dart slug.

Vanquished Creatures
  An adder (D:2)
  A gnoll (D:1)
  3 dart slugs (D:1)
  3 ball pythons
  An endoplasm (D:2)
  A giant cockroach (D:1)
  2 goblins
  2 hobgoblins (D:1)
  2 quokkas (D:1)
  3 bats (D:1)
  5 frilled lizards (D:1)
  A kobold (D:1)
  3 rats
28 creatures vanquished.

Notes
Turn   | Place    | Note
-------+----------+-------------------------------------------
     0 | D:1      | Ijustatesigmund the Octopode Earth Elementalist began the
                  | quest for the Orb.
     0 | D:1      | Reached XP level 1. HP: 11/11 MP: 3/3
   223 | D:1      | Reached XP level 2. HP: 13/17 MP: 3/5
   468 | D:1      | Reached XP level 3. HP: 21/21 MP: 3/6
   472 | D:1      | Learned a level 3 spell: Stone Arrow
   475 | D:1      | Learned a level 2 spell: Passwall
  1420 | D:2      | Reached skill level 1 in Conjurations
  1427 | D:2      | Slain by an adder

Illustrated notes

Levels and vault maps discovered:
D:1:      eino_arrival_tree_alley, layout_basic, minmay_pentomino_s2
D:2:      layout_loops_ring, minmay_split_cup_large

Skill      XL: |  1  2  3 |
---------------+----------+-----
Conjurations   | 1 |  1.0
Dodging        | |  2.0
Stealth        | |  2.6
Spellcasting   | |  2.5
Transmutations | |  1.9
Earth Magic    | |  3.5

Action                   || total
-------------------------++-------
Melee: Unarmed           ||     4
       Constrict         ||     2
       Short sword       ||     1
 Cast: Sandblast         ||    34
       Stone Arrow       ||     3
  Use: Scroll            ||     6
       Potion            ||     5
 Stab: Sleeping          ||     1
Armor: Skin              ||     2
Dodge: Dodged            ||    24

Table legend: (Time is in decaauts)
 A = Elapsed time spent in this place.
 B = Non-inter-level travel time spent in this place.
 C = Inter-level travel time spent in this place.
 D = Time resting spent in this place.
 E = Time spent auto-exploring this place.
 F = Levels seen in this place.
 G = Mean time per level.
                   A        B        C        D        E       F      G
               +--------+--------+--------+--------+--------+-----+--------+
         Total |   1460 |   1395 |     65 |    193 |    999 |   2 |  730.0 |
       Dungeon |   1460 |   1395 |     65 |    193 |    999 |   2 |  730.0 |
               +--------+--------+--------+--------+--------+-----+--------+

Top non-repeatable levels by time:
     D:1: 1400 daAuts
     D:2: 59 daAuts
